Get step-by-step instructions on how to execute this build order below. Start the game timer, and the build order will tick by so you can play in parallel with StarCraft on a second screen or mobile device.

Game Time

  0:00

Last Step

  N/A

Next Step

Upcoming Step



Don't want to look back and forth between 2 screens? Try out our Overwolf App, the Spawning Tool Build Advisor to get an in-game overlay with this build!

Complete Build Order

  12  0:03  Probe  
  13  0:15  Probe  
  13  0:20  Pylon  
  14  0:30  Probe  
  15  0:42  Probe  
  16  0:47  Gateway  
  16  0:52  Assimilator  
  16  0:54  Probe  
  17  1:04  Probe  
  18  1:12  Probe  
  19  1:27  Nexus  
  19  1:38  Pylon  
  19  1:39  Probe  
  19  1:45  Zealot  
  21  2:07  Forge  
  21  2:12  Zealot  
  23  2:23  Gateway  
  23  2:27  Gateway  
  23  2:33  Pylon  
  23  2:44  Protoss Ground Weapons Level 1  
  23  2:48  Probe x2  
  25  2:53  Zealot  
  25  2:56  Assimilator  
  27  3:00  Probe  
  28  3:20  Assimilator  
  28  3:22  Assimilator  
  28  3:27  Photon Cannon  
  28  3:33  Probe  
  28  3:34  Probe  
  30  3:57  Gateway  
  30  3:58  Pylon  
  30  4:01  Probe  
  30  4:02  Probe  
  30  4:09  Probe  
  32  4:10  Probe  
  32  4:13  Zealot x2  
  38  4:30  Cybernetics Core